[Event "Late-Titled-Tuesday-Blitz-September-05-2023"]
[Site "Chess.com"]
[Date "2023.09.05"]
[Round "8"]
[White "DeArron_Fox"]
[Black "valemava"]
[Result "1-0"]
[WhiteElo "2478"]
[BlackElo "2302"]
[TimeControl "180+1"]
[EndTime "15:28:24 PDT"]
[Termination "DeArron_Fox won by checkmate"]

1. d4 c6 2. c4 b5 3. cxb5 cxb5 4.
e4 Bb7 5. d5 Nf6 6. Nd2 a6 7.
Ngf3 e6 8. Bd3 exd5 9. e5 Ne4 10. O-O Bc5 11. Qe2 Nxd2 12. Bxd2 h6 13. Rac1 Be7 14. Nd4 g6 15. e6 dxe6 16. Nxe6 Nc6 17. Nxd8 Rxd8 18.
Rxc6 Bxc6 19. Bb4 Rd7 20. Re1 O-O 21. Bxe7 Re8 22. Qe5 d4 23. Qf6 Bd5 24. Bxg6 d3 25.
Bxd3 Be6 26. Qxh6 Rxd3 27. Bf6 Rh3 28. Qg7# 1-0

[Event "Late-Titled-Tuesday-Blitz-September-05-2023"]
[Site "Chess.com"]
[Date "2023.09.05"]
[Round "8"]
[White "Godzillator"]
[Black "AquivaRubinstein"]
[Result "1-0"]
[WhiteElo "2353"]
[BlackElo "2476"]
[TimeControl "180+1"]
[EndTime "15:28:24 PDT"]
[Termination "Godzillator won by resignation"]

1. Nf3 Nf6 2. d4 e6 3. b3 b6 4. Bb2 Bb7 5. e3 Be7 6. Be2 O-O 7. O-O d6 8. c4 Nbd7 9. Nc3 e5 10. dxe5 Nxe5 11. Nxe5 dxe5 12. Bf3 Qxd1 13. Raxd1 Bxf3 14. gxf3 Rfd8 15. Nb5 c6 16. Nc7 Rac8 17. Bxe5 Nd7 18. Bg3 h5 19. h3 h4 20. Bh2 Nc5 21. Rd4 Bf6 22. Rd6 Be7 23. Rd4 Bf6 24. Rd6 Rxd6 25.
Bxd6 Bd8 26. Bxc5 bxc5 27. Na6 Bb6 28. Rd1 Re8 29. a3 Re6 30. b4 cxb4 31. axb4 c5 32.
b5 g5 33. Rd5 f6 34. Nxc5 Re8 35. Nd7 Kg7 36. Nxb6 axb6 37. Rd6 Rc8 38. Rc6 Rb8 39. e4 Kf7 40. Kf1 Ke7 41. Ke2 Kf7 42. Ke3 Ke7 43.
f4 Kf7 44. fxg5 fxg5 45. f4 gxf4+ 46. Kxf4 Kg7 47. Kg5 Re8 48. Rxb6 Rxe4 49. Rc6 Re3 50. Kxh4 Rc3 51. b6 Rb3 52. c5 Kf7 53. Rc7+ Kg6 54. b7 Rb4+ 55. Kg3 Kg5 56. c6 Rb3+ 57. Kf2 Kf4 58. Rc8 Rb2+ 59. Ke1 Ke3 60. Re8+ Kd3 61. b8=Q 1-0

[Event "Late-Titled-Tuesday-Blitz-September-05-2023"]
[Site "Chess.com"]
[Date "2023.09.05"]
[Round "8"]
[White "Quattroporte300"]
[Black "karinachess1"]
[Result "0-1"]
[WhiteElo "2388"]
[BlackElo "2555"]
[TimeControl "180+1"]
[EndTime "15:28:30 PDT"]
[Termination "karinachess1 won on time"]

1. e4 c5 2. Nf3 a6 3. c3 d5 4. exd5 Qxd5 5. d4 Bg4 6. Be2 Nf6 7. O-O e6 8. h3 Bh5 9. Be3 Nbd7 10. c4 Qd6 11. Nc3 cxd4 12. Nxd4 Bxe2 13. Qxe2 Be7 14. Rfd1 Qc7 15. Rac1 O-O 16. Qf3 Rfe8 17. b3 h6 18. Bf4 Qa5 19. Bd2 Qc7 20. Bf4 Qc8 21.
Re1 Ba3 22. Rcd1 e5 23. Nf5 exf4 24. Qxf4 Rxe1+ 25. Rxe1 Qf8 26. Re3 Re8 27. Rg3 Re1+ 28. Kh2 g5 29. Nd5 Nh5 30. Nxh6+ Qxh6 31. Rxg5+ Ng7 32. Qg4 Bd6+ 33. g3 Nf6 34. h4 Nxg4+ 0-1

[Event "Late-Titled-Tuesday-Blitz-September-05-2023"]
[Site "Chess.com"]
[Date "2023.09.05"]
[Round "8"]
[White "korason34"]
[Black "rasmussvane"]
[Result "0-1"]
[WhiteElo "2686"]
[BlackElo "2945"]
[TimeControl "180+1"]
[EndTime "15:28:31 PDT"]
[Termination "rasmussvane won on time"]

1. e4 c6 2. d4 d5 3. exd5 cxd5 4. Bd3 Nc6 5. c3 Nf6 6. Bf4 Bg4 7. Qb3 Qd7 8. Nd2 e6 9. Ngf3 Bd6 10. Bxd6 Qxd6 11.
O-O O-O 12. Rfe1 Qc7 13. h3 Bxf3 14. Nxf3 Rab8 15. a4 a6 16. Qc2 Rfc8 17. Qe2 h6 18. Ra3 Re8 19. b4 Ne7 20. Ne5 Nc8 21. b5 axb5 22.
axb5 Nd6 23. Qf3 Ra8 24. Rea1 Rxa3 25. Rxa3 Rc8 26. Qe2 Qd8 27. Rb3 Ra8 28. Kh2 Ra1 29.
Qb2 Ra5 30. Qe2 Qa8 31. Qf3 Ra3 32. Rb1 Qc8 33. Rc1 Qc7 34. Bb1 Nde4 35. Bxe4 Nxe4 36. g3 f6 37. Nd3 Rxc3 38. Rxc3 Qxc3 39. Qe3 Kf7 40.
h4 g5 41. hxg5 hxg5 42. Qf3 Ke7 43. Qe3 Nxf2 0-1

[Event "Late-Titled-Tuesday-Blitz-September-05-2023"]
[Site "Chess.com"]
[Date "2023.09.05"]
[Round "8"]
[White "KorolDimitriy75"]
[Black "ChEsper99"]
[Result "1-0"]
[WhiteElo "2346"]
[BlackElo "2183"]
[TimeControl "180+1"]
[EndTime "15:28:33 PDT"]
[Termination "KorolDimitriy75 won on time"]

1. d4 d5 2. c4 c6 3. Nc3 Nf6 4.
e3 Bf5 5. Nf3 e6 6. Bd3 Bxd3 7. Qxd3 Be7 8. O-O O-O 9. e4 dxe4 10.
Nxe4 Nxe4 11. Qxe4 Bf6 12. Bf4 Qb6 13. b3 a5 14. Rad1 a4 15. Rd3 Na6 16. Ne5 Rfd8 17. Rfd1 Nb4 18. Rh3 g6 19. Nxf7 Kxf7 20. Rxh7+ Bg7 21.
Be5 Rg8 22. Qf4+ Ke8 23. Bxg7 axb3 24. Bf6 bxa2 25. Qd6 Nd5 26. cxd5 1-0

[Event "Late-Titled-Tuesday-Blitz-September-05-2023"]
[Site "Chess.com"]
[Date "2023.09.05"]
[Round "8"]
[White "realburq"]
[Black "Boorchess"]
[Result "1-0"]
[WhiteElo "2396"]
[BlackElo "2536"]
[TimeControl "180+1"]
[EndTime "15:28:37 PDT"]
[Termination "realburq won on time"]

1. e4 b6 2. d4 Bb7 3. Bd3 e6 4. Qe2 d6 5. Nf3 a6 6. O-O h6 7. c4 g5 8. Be3 Ne7 9. c5 Ng6 10. cxb6 cxb6 11. Nc3 Rg8 12. Rac1 Nd7 13. Rfd1 g4 14. Nd2 h5 15. d5 Qf6 16. dxe6 fxe6 17.
Nc4 Nh4 18. Nxb6 Ne5 19. Kh1 Nxg2 20. Kxg2 Qh4 21. Bf4 Qh3+ 22. Kh1 g3 23. fxg3 h4 24. Qh5+ Ke7 25. Bg5+ Rxg5 26. Qxg5+ Ke8 27. Qh5+ Ke7 28. Ncd5+ Bxd5 29. Rc7+ Kd8 30. Qh7 1-0

[Event "Late-Titled-Tuesday-Blitz-September-05-2023"]
[Site "Chess.com"]
[Date "2023.09.05"]
[Round "8"]
[White "canary2016"]
[Black "TC2304"]
[Result "0-1"]
[WhiteElo "2073"]
[BlackElo "2344"]
[TimeControl "180+1"]
[EndTime "15:28:37 PDT"]
[Termination "TC2304 won on time"]

1. e4 e6 2. Nf3 d5 3. e5 c5 4. b4 f6 5. c3 fxe5 6. Nxe5 Nf6 7. a3 Bd6 8. Nf3 O-O 9. d4 cxd4 10.
Nxd4 e5 11. Nb3 Ne4 12. Be3 Be6 13. Bd3 Nf6 14. O-O e4 15. Be2 Nc6 16. Nd4 Bd7 17.
Nd2 Ne5 18. c4 Nfg4 19. h3 Nxe3 20. fxe3 Qg5 21. Rxf8+ Rxf8 22. Nf1 Bxh3 23. g3 Bxf1 24. Bxf1 Qxg3+ 25. Kh1 Nf3 26. Nxf3 exf3 27. Qxd5+ Kh8 28.
Qh5 g6 29. Qh3 Qxh3+ 30. Bxh3 Re8 31. Re1 Bg3 32. Rf1 f2 33. Kg2 Rxe3 34. a4 h5 35. Bc8 b6 36. Bb7 g5 37. Bf3 h4 38.
Bg4 Kg7 39. Rd1 Re1 40. Rd7+ Kf6 0-1

[Event "Late-Titled-Tuesday-Blitz-September-05-2023"]
[Site "Chess.com"]
[Date "2023.09.05"]
[Round "8"]
[White "MajorCoast"]
[Black "Maluco_do_Natal_00"]
[Result "1-0"]
[WhiteElo "2279"]
[BlackElo "1981"]
[TimeControl "180+1"]
[EndTime "15:28:37 PDT"]
[Termination "MajorCoast won on time"]

1. d4 d5 2. c3 Nf6 3. h3 e6 4.
Bf4 c5 5. e3 Bd6 6. Bd3 Qc7 7. Bxd6 Qxd6 8. dxc5 Qxc5 9. Nd2 Nc6 10. Ngf3 O-O 11. O-O e5 12. e4 Rd8 13. exd5 Qxd5 14.
Bc4 Qd6 15. Qb3 Na5 16. Bxf7+ Kh8 17. Qa4 Qc7 18. Bb3 Nxb3 19. Nxb3 h6 20. Rfe1 Re8 21.
Qa5 b6 22. Qb5 Bd7 23. Qe2 e4 24. Nh4 Kh7 25. Nd4 Qe5 26. Nhf3 Qf4 27. Nd2 Kh8 28. Qe3 Qh4 29. Rad1 Rad8 30. Nc2 Bc8 31. Nf1 Rxd1 32. Rxd1 Bb7 33. Ng3 Nh5 34. Nf5 Qf6 35. Ncd4 Nf4 36.
Qxf4 g5 37. Qc7 1-0

[Event "Late-Titled-Tuesday-Blitz-September-05-2023"]
[Site "Chess.com"]
[Date "2023.09.05"]
[Round "8"]
[White "Too_Stupid_To_Play"]
[Black "ketster"]
[Result "0-1"]
[WhiteElo "2284"]
[BlackElo "2542"]
[TimeControl "180+1"]
[EndTime "15:28:39 PDT"]
[Termination "ketster won by resignation"]

1. d4 d5 2. Bf4 Nf6 3. e3 c5 4.
dxc5 Nc6 5. Bb5 Qa5+ 6. Nc3 e6 7. a3 a6 8. Bxc6+ bxc6 9. b4 Qd8 10.
Nf3 Nh5 11. O-O Nxf4 12. exf4 Be7 13. Nd4 Bb7 14. Na4 Qc7 15. Nb6 Rd8 16. Qg4 Bf6 17.
c3 h5 18. Qf3 h4 19. Rae1 O-O 20. Re2 a5 21. Rb1 Ba6 22. Ra2 Be7 23. Qe3 Rfe8 24.
Nb3 axb4 25. axb4 Bb5 26. Nd4 Bf6 27. Nf3 h3 28. gxh3 e5 29. fxe5 Bxe5 30. Nxe5 Rxe5 31.
Qg3 Qe7 32. Kg2 Rg5 33. h4 Qe4+ 34. Kh3 Rxg3+ 35. hxg3 Qxb1 0-1

[Event "Late-Titled-Tuesday-Blitz-September-05-2023"]
[Site "Chess.com"]
[Date "2023.09.05"]
[Round "8"]
[White "cande_francisco"]
[Black "Dr_crypt"]
[Result "1-0"]
[WhiteElo "2540"]
[BlackElo "2375"]
[TimeControl "180+1"]
[EndTime "15:28:39 PDT"]
[Termination "cande_francisco won by resignation"]

1. e4 d5 2. exd5 Qxd5 3. Nc3 Qd6 4. d4 c6 5. Nf3 Nf6 6. Ne5 Nbd7 7. Nc4 Qc7 8. Qf3 Nb6 9. Bf4 Qd8 10. h3 Nfd5 11.
Nxb6 axb6 12. Nxd5 Qxd5 13. Qxd5 cxd5 14. Kd2 Bd7 15.
Bd3 e6 16. Rhe1 Be7 17. Bc7 b5 18. f4 f5 19. Bxf5 Rc8 20. Ba5 Kf7 21. Bd3 g6 22. a3 Bd6 23. g3 h5 24. Bb4 Bb8 25.
h4 Ba7 26. c3 Bb8 27. Re2 Bc7 28. Bc2 Ra8 29. Rae1 Rhe8 30. Rf2 Kf6 31. Rg1 Kg7 32. g4 hxg4 33. Rxg4 e5 34. Rxg6+ Kf7 35. fxe5+ Bf5 36. Rf6+ Kg7 37. R2xf5 1-0

[Event "Late-Titled-Tuesday-Blitz-September-05-2023"]
[Site "Chess.com"]
[Date "2023.09.05"]
[Round "8"]
[White "szachuspl"]
[Black "Garmendiarov"]
[Result "1-0"]
[WhiteElo "2552"]
[BlackElo "2363"]
[TimeControl "180+1"]
[EndTime "15:28:40 PDT"]
[Termination "szachuspl won by checkmate"]

1. d4 Nf6 2. c4 g6 3. Nc3 d5 4.
Nf3 Bg7 5. Bg5 O-O 6. e3 c5 7. Bxf6 Bxf6 8. Nxd5 Bg7 9. Qd2 cxd4 10. Nxd4 Nc6 11. Nxc6 bxc6 12. Nc3 Qa5 13. Ne4 Qe5 14. Nc3 Bf5 15. Rd1 Rfd8 16. Qxd8+ Rxd8 17. Rxd8+ Bf8 18.
Be2 Qc7 19. Rd2 Bg7 20. O-O Bxc3 21. bxc3 Qa5 22. Rc1 Be6 23. Bf3 Qc5 24. Be2 Bxc4 25. Bxc4 Qxc4 26. g3 e6 27. Rcc2 h5 28. Rd4 Qb5 29.
Rcd2 Kg7 30. h4 c5 31. Rd7 Qa5 32. Re7 Qxc3 33. Rdd7 Kf6 34. Rxf7+ Ke5 35. Rxa7 Qc1+ 36. Kg2 c4 37. Rac7 c3 38. Rc5+ Kd6 39. Rfc7 Qd2 40. R7c6+ Ke7 41. Rxc3 Qxa2 42. R6c4 Kf6 43. Rf4+ Ke5 44.
Rcc4 Qa8+ 45. Kh2 Qa2 46. Rce4+ Kd6 47. Kg2 Ke7 48. Re5 Qa8+ 49. Rfe4 Kf7 50. Rxe6 Qd5 51. Re5 Qc6 52. Re7+ Kf8 53. Kh2 Qc2 54. Kg2 Qc6 55.
Re6 Qd5 56. Kh2 Kf7 57. R6e5 Qd2 58. Rf4+ Kg7 59. Re7+ Kh6 60. Rff7 g5 61. Re6# 1-0

[Event "Late-Titled-Tuesday-Blitz-September-05-2023"]
[Site "Chess.com"]
[Date "2023.09.05"]
[Round "8"]
[White "jcmesafischer"]
[Black "GAO"]
[Result "1-0"]
[WhiteElo "2423"]
[BlackElo "2296"]
[TimeControl "180+1"]
[EndTime "15:28:41 PDT"]
[Termination "jcmesafischer won by checkmate"]

1. Nf3 Nf6 2. c4 c5 3. g3 g6 4.
Bg2 Bg7 5. O-O O-O 6. Nc3 Nc6 7. d4 cxd4 8. Nxd4 d6 9. Nxc6 bxc6 10. Bxc6 Rb8 11. Bf3 Qa5 12. Qd2 Nd7 13. Nd5 Qd8 14. Rb1 Ne5 15. b3 Bf5 16. Rb2 Nxf3+ 17. exf3 Bxb2 18.
Bxb2 f6 19. Re1 e5 20. Rd1 Be6 21. Nc3 Rb6 22. c5 Rc6 23. cxd6 Qd7 24. Ne4 Kg7 25.
b4 Rd8 26. Qe3 Qb7 27. Nxf6 Rcxd6 28. Rxd6 Rxd6 29. Ne8+ Kf8 30. Nxd6 Bh3 31. Qxe5 Qc7 32. Qe8# 1-0

[Event "Late-Titled-Tuesday-Blitz-September-05-2023"]
[Site "Chess.com"]
[Date "2023.09.05"]
[Round "8"]
[White "Truequitos"]
[Black "GianmarcoVaR"]
[Result "0-1"]
[WhiteElo "2442"]
[BlackElo "2617"]
[TimeControl "180+1"]
[EndTime "15:28:46 PDT"]
[Termination "GianmarcoVaR won on time"]

1. e4 g6 2. d3 Bg7 3. Nd2 c5 4. g3 Nc6 5. Bg2 e6 6. Ngf3 Nge7 7. O-O O-O 8. Re1 d6 9. h4 h6 10. Nf1 Kh7 11. c3 e5 12. N1h2 f5 13. exf5 Nxf5 14.
h5 gxh5 15. Qe2 Kh8 16. Nd2 h4 17. g4 Nfe7 18. Ne4 Ng6 19. g5 Nf4 20. Bxf4 Rxf4 21. Qh5 Qf8 22. gxh6 Bxh6 23. Nxd6 Qxd6 24. d4 cxd4 25.
cxd4 Nxd4 26. Rxe5 Bg4 27. Nxg4 Rxg4 28. Kh1 Rxg2 29.
Kxg2 Rg8+ 0-1

[Event "Late-Titled-Tuesday-Blitz-September-05-2023"]
[Site "Chess.com"]
[Date "2023.09.05"]
[Round "8"]
[White "OYAcosta"]
[Black "Schwindle"]
[Result "0-1"]
[WhiteElo "2266"]
[BlackElo "2405"]
[TimeControl "180+1"]
[EndTime "15:28:50 PDT"]
[Termination "Schwindle won by checkmate"]

1. d4 Nf6 2. Bf4 d5 3. e3 e6 4. Nf3 Bd6 5. Bg3 Nc6 6. Nbd2 O-O 7. c3 Qe7 8. Ne5 Nd7 9. f4 f6 10. Nxc6 bxc6 11. Bd3 e5 12. Qh5 g6 13. Qh6 exd4 14. e4 dxe4 15. Bc4+ Kh8 16. cxd4 Nb6 17. Bb3 Ba6 18.
O-O-O Bd3 19. Rhe1 f5 20. Nf3 Qg7 21. Qxg7+ Kxg7 22. Ne5 Bxe5 23. dxe5 c5 24. Bh4 h6 25. Be7 c4 26. Bc2 Rfe8 27. Bf6+ Kf7 28. Bxd3 cxd3 29. b3 Nd5 30. Bh4 Nxf4 31. Bg3 Nxg2 32. Rg1 Ne3 33.
Rde1 Nd5 34. Kd2 a5 35. Rc1 a4 36. Rc5 c6 37. Rxc6 axb3 38. Rc5 Rxa2+ 39. Kc1 Ra1+ 40. Kb2 Rxg1 41. Rxd5 Rxg3 42. hxg3 Ke6 43. Rb5 g5 44. Kc3 Rd8 45. Kd2 Rd5 46. Rxb3 Kxe5 47. Ke3 f4+ 48. gxf4+ gxf4+ 49. Kd2 e3+ 50. Kd1 Ke4 51. Rb4+ Rd4 52. Rb8 Ra4 53. Rb1 h5 54. Ke1 h4 55. Kf1 f3 56. Kg1 d2 57. Kh1 e2 58. Rg1 e1=Q 59.
Kh2 Qxg1+ 60. Kh3 Qg3# 0-1

[Event "Late-Titled-Tuesday-Blitz-September-05-2023"]
[Site "Chess.com"]
[Date "2023.09.05"]
[Round "8"]
[White "KNVB"]
[Black "colegiodemadrid"]
[Result "1-0"]
[WhiteElo "2719"]
[BlackElo "2499"]
[TimeControl "180+1"]
[EndTime "15:28:51 PDT"]
[Termination "KNVB won by resignation"]

1. c4 Nf6 2. g3 g6 3. Bg2 Bg7 4. Nf3 O-O 5. O-O d6 6. Nc3 Nc6 7. Rb1 a5 8. a3 e5 9. d3 Re8 10.
b4 axb4 11. axb4 e4 12. dxe4 Nxe4 13. Nxe4 Rxe4 14. Nd2 Re8 15. Bb2 Bxb2 16. Rxb2 Qf6 17. Rb1 Ra2 18. e3 Bf5 19. Ra1 Rxa1 20. Qxa1 Qxa1 21.
Rxa1 Nxb4 22. Bxb7 Rb8 23. Bf3 Nd3 24. Be4 Bxe4 25. Nxe4 Rb4 26. Nf6+ Kf8 27. Ra8+ Kg7 28. Ne8+ Kh6 29. Nxc7 Rxc4 30. Nb5 Rc1+ 31. Kg2 Rc2 32. Nxd6 Rxf2+ 33. Kg1 Rf6 34. Ne4 Re6 35. Nf2 Rxe3 36.
Ng4+ Kg5 37. Nxe3 f5 38. Ra5 h5 39. h4+ Kf6 40. Nd5+ Ke5 41. Nf4+ Ke4 42. Nxd3 Kxd3 43. Re5 Kd4 44. Re8 Kd3 45. Kf2 Kd4 46. Kf3 Kd3 47. Kf4 1-0

[Event "Late-Titled-Tuesday-Blitz-September-05-2023"]
[Site "Chess.com"]
[Date "2023.09.05"]
[Round "8"]
[White "KATPAH"]
[Black "Valio_M1948"]
[Result "0-1"]
[WhiteElo "2670"]
[BlackElo "2543"]
[TimeControl "180+1"]
[EndTime "15:28:54 PDT"]
[Termination "Valio_M1948 won by checkmate"]

1. e4 e5 2. d4 exd4 3. c3 d5 4. exd5 Qxd5 5. cxd4 Nc6 6. Nf3 Bb4+ 7. Nc3 Bg4 8. Be2 Nge7 9. O-O Qa5 10. Bd2 O-O 11. a3 Bxc3 12. Bxc3 Qd5 13. h3 Bh5 14. g4 Bg6 15. Ne5 Rad8 16. Bf3 Be4 17. Bxe4 Qxe4 18. Re1 Qd5 19. Nf3 Ng6 20. Ne5 Nf4 21. Qf3 Qxf3 22.
Nxf3 Nxh3+ 23. Kg2 Nf4+ 24. Kg3 Nd5 25. Rad1 Rfe8 26.
Ne5 Nce7 27. f4 f6 28. Nd3 Nxc3 29. bxc3 Nd5 30. c4 Nc3 31. Rxe8+ Rxe8 32. Rf1 Ne2+ 33. Kg2 Nxd4 34. Nc5 b6 35. Na6 c5 36. a4 Re2+ 37.
Kg3 Re3+ 38. Kg2 Kf7 39. a5 Ra3 40. Nc7 Rxa5 41. g5 Ra2+ 42. Kg3 Nf5+ 43. Kh3 Ra3+ 44. Kh2 Ne3 45. Re1 Nxc4 46. Nd5 fxg5 47. f5 Rd3 48. Nc7 Ne3 49. Ne6 Kf6 50. Nc7 Nxf5 51.
Re8 Rd7 52. Nb5 Nd6 53. Nxd6 Rxd6 54. Ra8 Rc6 55. Kg3 c4 56. Rxa7 c3 57. Ra1 c2 58.
Rf1+ Kg6 59. Rc1 b5 60. Kf2 b4 61. Ke2 b3 62. Kd3 b2 63. Rg1 b1=Q 64. Ke4 c1=Q+ 65.
Kd5 Qc5# 0-1

[Event "Late-Titled-Tuesday-Blitz-September-05-2023"]
[Site "Chess.com"]
[Date "2023.09.05"]
[Round "8"]
[White "jamengrand"]
[Black "santosalberto1987"]
[Result "0-1"]
[WhiteElo "2370"]
[BlackElo "2553"]
[TimeControl "180+1"]
[EndTime "15:28:54 PDT"]
[Termination "santosalberto1987 won on time"]

1. e4 e6 2. d4 d5 3. Nc3 Nf6 4. e5 Nfd7 5. f4 c5 6. Nf3 Nc6 7. Be3 Qb6 8. Na4 Qa5+ 9. c3 b6 10. a3 c4 11. Be2 Ba6 12. O-O Bb5 13. b3 cxb3 14. Bxb5 Qxb5 15. Nb2 Na5 16. a4 Qc6 17. Rc1 Ba3 18. Rb1 Bxb2 19. Rxb2 Nc4 20. Re2 Qxa4 21. f5 exf5 22. e6 fxe6 23. Ng5 O-O 24. Nxe6 Rfe8 25.
Nc7 Rxe3 26. Nxa8 Nf6 27. Nc7 a5 28. Rxe3 Nxe3 29. Qf3 Nxf1 30. Nxd5 b2 31. Nxf6+ gxf6 32. Qd5+ Kg7 33. Qxf5 Ne3 0-1

[Event "Late-Titled-Tuesday-Blitz-September-05-2023"]
[Site "Chess.com"]
[Date "2023.09.05"]
[Round "8"]
[White "jup1978"]
[Black "wanyaland"]
[Result "0-1"]
[WhiteElo "2533"]
[BlackElo "2328"]
[TimeControl "180+1"]
[EndTime "15:28:56 PDT"]
[Termination "wanyaland won by checkmate"]

1. d4 d5 2. Nf3 Nf6 3. c4 e6 4.
g3 dxc4 5. Bg2 Nc6 6. O-O Rb8 7.
a4 a6 8. a5 Bb4 9. Bd2 Qd6 10.
Na3 c3 11. Bxc3 Bxc3 12. bxc3 O-O 13. Nc4 Qe7 14. Nfe5 Nxe5 15. Nxe5 c5 16. Rb1 Qc7 17. Qa4 Rd8 18. e3 Nd5 19. Rfc1 f6 20. Nc4 Bd7 21.
Qa3 Bb5 22. Nd2 c4 23. e4 Ne7 24. Qa2 Kh8 25. Bf1 Rbc8 26. Rb4 Nc6 27. Rxc4 Bxc4 28.
Nxc4 Rb8 29. Nb6 Nxd4 30. Rb1 Qxc3 31. Kg2 Qf3+ 32. Kg1 Qxe4 33. Bg2 Qc2 34. Qa1 e5 35. Re1 Nb3 36. Qa3 Rd1 37. Rxd1 Qxd1+ 38. Bf1 Nd2 39.
Kg2 Qxf1# 0-1

[Event "Late-Titled-Tuesday-Blitz-September-05-2023"]
[Site "Chess.com"]
[Date "2023.09.05"]
[Round "8"]
[White "Rinqed222"]
[Black "Marcin"]
[Result "0-1"]
[WhiteElo "2249"]
[BlackElo "2480"]
[TimeControl "180+1"]
[EndTime "15:28:56 PDT"]
[Termination "Marcin won on time"]

1. e4 c6 2. d4 d5 3. e5 Bf5 4. h4 a6 5. g4 Be6 6. Bd3 c5 7. c3 Nc6 8. Be3 cxd4 9. cxd4 Rc8 10. Nc3 f6 11. f4 fxe5 12. fxe5 g6 13. h5 gxh5 14.
Rxh5 Qd7 15. Bf5 b5 16. Qf3 Nb4 17. a3 Bxf5 18. Rxf5 Nh6 19. axb4 Nxf5 20. gxf5 e6 21. fxe6 Qxe6 22. Nxd5 Rc2 23. Nf6+ Kd8 24. Qa8+ Rc8 25.
Qxa6 Bxb4+ 26. Kf2 Rc2+ 27. Ne2 Qf5+ 28. Kg3 Qg6+ 29.
Kf2 Qf5+ 30. Kg3 Qg6+ 31. Kf4 Qh6+ 32. Ke4 Qg6+ 33. Kd5 Qg2+ 34. Ke6 Rc6+ 35. Qxc6 Qxc6+ 36. Kf5 Qf3+ 37. Nf4 Kc8 38. Rc1+ Kb7 0-1

[Event "Late-Titled-Tuesday-Blitz-September-05-2023"]
[Site "Chess.com"]
[Date "2023.09.05"]
[Round "8"]
[White "Sina_Movahed"]
[Black "ridnani2021"]
[Result "1-0"]
[WhiteElo "2991"]
[BlackElo "2601"]
[TimeControl "180+1"]
[EndTime "15:28:57 PDT"]
[Termination "Sina_Movahed won by resignation"]

1. Nf3 Nf6 2. c4 g6 3. b4 Bg7 4.
Bb2 O-O 5. g3 d6 6. Bg2 e5 7. d3 c6 8. O-O Nbd7 9. a4 a5 10.
b5 Qc7 11. Nc3 Re8 12. Rc1 Nc5 13. Ba3 Bf5 14. Nd2 Rad8 15. Bxc5 dxc5 16. Qb3 Bh6 17. Rcd1 Bxd2 18. Rxd2 e4 19. Nd1 exd3 20. exd3 Rd4 21.
Ne3 Be4 22. Bxe4 Nxe4 23. Re2 Nf6 24. Rfe1 Red8 25. Qb2 Qd6 26. Rd1 Kg7 27. Red2 cxb5 28. Qxb5 Qc7 29. Qb2 h5 30. Nc2 R4d6 31. Na3 R6d7 32.
Nb5 Qc6 33. Qc3 h4 34. d4 cxd4 35. Nxd4 Qxa4 36. g4 Kh7 37. f3 Rd6 38. Rd3 b6 39. Qe1 Qxc4 40. Qxh4+ Kg7 41. g5 Nh5 42. Nf5+ gxf5 43.
Qxc4 1-0

[Event "Late-Titled-Tuesday-Blitz-September-05-2023"]
[Site "Chess.com"]
[Date "2023.09.05"]
[Round "8"]
[White "DvaHrasta"]
[Black "buenamor1972"]
[Result "1-0"]
[WhiteElo "2511"]
[BlackElo "2340"]
[TimeControl "180+1"]
[EndTime "15:28:57 PDT"]
[Termination "DvaHrasta won on time"]

1. c4 Nf6 2. g3 e6 3. Bg2 d5 4. Nf3 Be7 5. O-O O-O 6. d4 c6 7. Ne5 Nbd7 8. Nc3 Nxe5 9. dxe5 Nd7 10. cxd5 exd5 11. f4 Nc5 12. b4 d4 13. Na4 Na6 14. Bd2 Nxb4 15. f5 Nd5 16. f6 gxf6 17. Bh6 fxe5 18.
Bxf8 Bxf8 19. Qd3 Bg7 20. Be4 h6 21. Qf3 Be6 22. Nc5 Qe7 23. Nxe6 fxe6 24. Qh5 Nf6 25. Qg6 Nxe4 26. Qxe4 Rf8 27. Rxf8+ Qxf8 28. Rf1 Qe7 29. a4 c5 30. Rc1 b6 31. a5 Qd7 32. a6 Qd5 33.
Qg6 e4 34. Rf1 Qd7 35. Qxe4 c4 36. Qa8+ Kh7 37. Qb7 Qxb7 38. axb7 Be5 39. Rf8 b5 40. Kf1 1-0

[Event "Late-Titled-Tuesday-Blitz-September-05-2023"]
[Site "Chess.com"]
[Date "2023.09.05"]
[Round "8"]
[White "DenishevM"]
[Black "Sanan_Sjugirov"]
[Result "0-1"]
[WhiteElo "2639"]
[BlackElo "2895"]
[TimeControl "180+1"]
[EndTime "15:28:59 PDT"]
[Termination "Sanan_Sjugirov won on time"]

1. e4 e5 2. Nf3 Nc6 3. Bb5 a6 4. Ba4 Nf6 5. O-O d6 6. Re1 Bd7 7. c3 g6 8. d4 Bg7 9. Nbd2 O-O 10. Nf1 Re8 11. Ng3 b5 12. Bb3 Bg4 13. Bg5 exd4 14. Bd5 Qd7 15. Bxf6 Bxf6 16. Bxc6 Qxc6 17. cxd4 Qb6 18.
e5 dxe5 19. Ne4 Bg7 20. h3 Bxf3 21. Qxf3 exd4 22. Rac1 Rad8 23. b4 a5 24. a3 axb4 25. axb4 Re5 26. Nc5 Rxe1+ 27. Rxe1 Bf8 28. Ne4 Bxb4 29.
Nf6+ Kg7 30. Re8 Rxe8 31. Nxe8+ Kf8 32. Nf6 Qe6 33. Qa8+ Kg7 34. Ng4 Qe1+ 35. Kh2 Bd6+ 36. g3 h5 0-1

[Event "Late-Titled-Tuesday-Blitz-September-05-2023"]
[Site "Chess.com"]
[Date "2023.09.05"]
[Round "8"]
[White "cassoulet"]
[Black "dosto07"]
[Result "1-0"]
[WhiteElo "2740"]
[BlackElo "2506"]
[TimeControl "180+1"]
[EndTime "15:28:59 PDT"]
[Termination "cassoulet won on time"]

1. d4 d5 2. Nf3 Nf6 3. Bf4 c5 4. c3 Nc6 5. e3 Qb6 6. Qc1 Bf5 7.
Nbd2 e6 8. h3 h6 9. Be2 cxd4 10.
exd4 Be7 11. O-O O-O 12. Re1 Rac8 13. Nb3 a5 14. Qd2 Ne4 15. Qc1 Nb4 16. Ne5 Nxa2 17. Rxa2 Qxb3 18. Rxa5 Nd6 19. Ra3 Qc2 20. Qa1 Nc4 21.
Nxc4 dxc4 22. Bd1 Qd3 23. Ra7 Rfe8 24. Bf3 b5 25. Qa6 Bf6 26. Qb7 Rf8 27. Bd6 Qc2 28.
Bxf8 Rxf8 29. Qxb5 Bd3 30. d5 e5 31. d6 e4 32. Bg4 Qd2 33. Rd1 Qc2 34. d7 e3 35.
Qc5 e2 36. Qxf8+ Kxf8 37. Ra8+ Bd8 38. Rxd8+ Ke7 39. Re8+ Kf6 40. d8=Q+ Kg6 41. Bxe2 Bxe2 42. Rxe2 Qxe2 43. Qd4 f6 44. Qg4+ Kh7 45. Qxe2 1-0

[Event "Late-Titled-Tuesday-Blitz-September-05-2023"]
[Site "Chess.com"]
[Date "2023.09.05"]
[Round "8"]
[White "CrushingKings"]
[Black "EsmeraldasAnderson03"]
[Result "1-0"]
[WhiteElo "2544"]
[BlackElo "2416"]
[TimeControl "180+1"]
[EndTime "15:28:59 PDT"]
[Termination "CrushingKings won on time"]

1. Nf3 d5 2. g3 c5 3. Bg2 Nf6 4. O-O h6 5. d4 cxd4 6. Nxd4 e5 7. Nb3 Nc6 8. c4 dxc4 9. Bxc6+ bxc6 10. Qxd8+ Kxd8 11. Na5 Kc7 12. Nxc4 Nd7 13. Bd2 f6 14. Ba5+ Nb6 15.
Nc3 Ba6 16. b3 Be7 17. Rac1 Kb7 18. Ne4 Rhd8 19. Rfd1 Bxc4 20. bxc4 f5 21. Nd2 Bg5 22. e3 Rd3 23. Nb3 Rxd1+ 24. Rxd1 Rd8 25. Rxd8 Bxd8 26.
c5 Ka6 27. cxb6 axb6 28. Bc3 Bc7 29. Nd2 g6 30. Nf3 e4 31. Nh4 Kb5 32. Nxg6 Kc4 33.
Bg7 h5 34. Ne7 c5 35. Nxf5 b5 36. Kf1 Kb4 37. Bf8 Bb6 38. Nd6 Bc7 39. Nxe4 Bb6 40.
Ke2 1-0

[Event "Late-Titled-Tuesday-Blitz-September-05-2023"]
[Site "Chess.com"]
[Date "2023.09.05"]
[Round "8"]
[White "jk13"]
[Black "Matibar"]
[Result "1-0"]
[WhiteElo "2691"]
[BlackElo "2866"]
[TimeControl "180+1"]
[EndTime "15:29:01 PDT"]
[Termination "jk13 won by resignation"]

1. e4 e6 2. d4 d5 3. Nd2 dxe4 4. Nxe4 Nd7 5. Nf3 Ngf6 6. Nxf6+ Nxf6 7. g3 b6 8. Bg2 Bb7 9. O-O Be7 10. c4 O-O 11.
Qe2 c5 12. Rd1 cxd4 13. Nxd4 Qc8 14. b3 Rd8 15. Bb2 Bxg2 16. Kxg2 Qb7+ 17. Qf3 Qxf3+ 18. Kxf3 Rac8 19. g4 Kf8 20. g5 Ne8 21. h4 Nd6 22. Rd2 Nf5 23. Kg4 Nxd4 24. Bxd4 Bb4 25. Rdd1 Rxd4+ 26. Rxd4 Bc3 27. Rad1 Bxd4 28. Rxd4 Ke7 29. Kf4 Rc5 30.
Ke4 f6 31. f4 a5 32. a3 b5 33.
b4 axb4 34. axb4 Rxc4 35. Rxc4 bxc4 36. Kd4 h5 37. Kxc4 e5 38. gxf6+ gxf6 39. fxe5 fxe5 40. Kd5 Kd7 41. Kxe5 Kc6 42. Kf5 Kb5 43. Kg5 Kxb4 44. Kxh5 Kc5 45. Kg6 Kd6 46. h5 Ke7 47. Kg7 1-0